 Dungeon Crawl Stone Soup version 0.26.1-10-gdfb7c7de75 (webtiles) character file.

Game seed: 1796264793216086778

3653 infcreate the Covert (level 9, -18/52 HPs)
             Began as a Vampire Enchanter on Apr 10, 2021.
             Was a Believer of Dithmenos.
             Demolished by a two-headed ogre
             ... wielding a +0 giant club
              (25 damage)
             ... on level 8 of the Dungeon.
             The game lasted 00:50:46 (11980 turns).

infcreate the Covert (Vampire Enchanter)           Turns: 11980, Time: 00:50:46

Health: -18/52     AC:  6    Str:  7    XL:     9   Next: 88%
Magic:  12/15      EV: 17    Int: 18    God:    Dithmenos [**....]
Gold:   768        SH:  0    Dex: 17    Spells: 4/16 levels left

rFire    . . .     SeeInvis +   a - +1 dagger
rCold    + + +     Faith    .   (no shield)
rNeg     + + +     Spirit   .   b - +0 robe
rPois    ∞         Reflect  .   r - +0 helmet
rElec    .         Harm     .   z - +0 cloak (curse)
rCorr    .         Rampage  .   (no gloves)
Will     .....                  d - +1 pair of boots (curse)
Stlth    +++++++++.             (no amulet)
HPRegen  0.00/turn              C - ring of protection from cold
MPRegen  0.14/turn              (no ring)

@: confusing touch, bloodless, wreathed by umbra
A: fangs 3, see invisible, unbreathing
a: Bat Form, Revivify, Renounce Religion, Shadow Step


You were on level 8 of the Dungeon.
You worshipped Dithmenos.
Dithmenos was pleased with you.
You visited 2 branches of the dungeon, and saw 9 of its levels.

You collected 768 gold pieces.


Innate Abilities, Weirdness & Mutations

You do not regenerate when monsters are visible.
You are frail without blood (-20% HP).
You can heal yourself when you bite living creatures.
You are immune to poison.
You have razor-sharp teeth.
You have supernaturally acute eyesight. (SInv)
You can survive without breathing.


   Skills:
 + Level 3.8 Fighting
 * Level 7.0 Short Blades
 * Level 7.2 Dodging
 * Level 10.7 Stealth
 + Level 4.4 Spellcasting
 * Level 10.1 Hexes


You had 4 spell levels left.
You knew the following spells:

 Your Spells              Type           Power        Failure   Level
c - Corona                Hex            44%          1%          1
d - Tukima's Dance        Hex            40%          1%          3
e - Ensorcelled Hibernat  Hex/Ice        44%          2%          2
f - Dazzling Flash        Conj/Hex       44%          5%          3
t - Confusing Touch       Hex            40%          1%          3

Your spell library contained the following spells:

 Spells                   Type           Power        Failure   Level
 Animate Skeleton         Necr           8%           14%         1
 Apportation              Tloc           8%           14%         1
 Summon Small Mammal      Summ           16%          14%         1

Inventory:

Hand Weapons
 a - a +1 dagger (weapon)
 q - a +0 dagger of venom
Missiles
 p - 2 throwing nets {=f}
Armour
 b - a +0 robe (worn)
 d - a cursed +1 pair of boots (worn)
 r - a +0 helmet (worn)
 z - a cursed +0 cloak (worn)
Jewellery
 u - a cursed ring of teleportation {unknown}
 C - a ring of protection from cold (left hand)
 T - an uncursed amulet of faith {!P}
Wands
 f - a wand of iceblast (28)
 G - a wand of polymorph (5)
 H - a wand of random effects (15)
Scrolls
 e - 4 scrolls of teleportation {@r4}
 i - a scroll of fog
 j - a scroll of blinking {unknown}
 m - a scroll of amnesia
 n - 2 scrolls of fear
 o - 3 scrolls of enchant armour
 s - a scroll of magic mapping
 t - a scroll of noise {unknown}
 v - 4 scrolls of identify {@r1}
 x - a scroll of enchant weapon {unknown}
 y - a scroll of holy word {unknown}
 A - a scroll of random uselessness {unknown}
 F - a scroll of silence {unknown}
Potions
 c - 5 potions of curing {@q1}
 g - 2 potions of mutation {unknown}
 h - 4 potions of brilliance {unknown}
 k - a potion of invisibility {unknown}
 l - 3 potions of heal wounds {unknown}
 w - 2 potions of lignification {unknown}
 B - a potion of berserk rage {unknown}
 D - 3 potions of haste {unknown}
 E - a potion of magic {unknown}

Dungeon Overview and Level Annotations

Branches:
Dungeon (8/15)             Temple (1/1) D:4
   Lair: D:8-11

Altars:
Ashenzari
Cheibriados
Dithmenos
Elyvilon
Fedhas
Gozag
Hepliaklqana
Kikubaaqudgha
Makhleb
Nemelex Xobeh
Okawaru
Qazlal
Ru
Sif Muna
Trog
Uskayaw
Vehumet
Wu Jian
Xom
Yredelemnul
Zin
The Shining One
Beogh

Shops:
D:8

*
###...####..<......####...).....#
......# ##.O.....## #..##.###.#
#####.# ##.....## #.###.# #.#
#***#.# ##...## #.##..# #.#
#*,,..# ##'########.##.## #.#
##.##.#* #.#.........#.# #.#
.......* #.#.######..#.####.#
.......* ##.#.###.##>........#
.#.###.######..O@##.#.##.#.######
.#...,,............###.....#
.#*###,*#####....##.#.##.###
..,,,,,* ##.#.###.###.# ##******
#.#.........# #.########### #.#
#.# #.#


You could see a two-headed ogre.


Message History

You skewer the white imp like a kebab!!!!
You kill the white imp!
Dithmenos accepts your kill.
You now have 745 gold pieces (gained 9).
H - a wand of random effects (15)
You open the door.
There is an open door here.
Found a war axe.
You now have 751 gold pieces (gained 6).
Found 17 gold pieces.
You now have 768 gold pieces (gained 17).
Found a throwing net.
p - 2 throwing nets {=f} (gained 1)
You open the large door.
Found a shimmering altar of Xom.
Found an escape hatch in the floor.
You see here a war axe.
You open the door.
There is an open door here.
A two-headed ogre is nearby!
Casting: Confusing Touch (safe; 1% risk of failure)
Confirm with . or Enter, or press ? or * to list all spells.
Your hands begin to glow red.
The two-headed ogre hits you with a +0 giant club.
The two-headed ogre hits you with a +0 giant spiked club!!
You barely miss the two-headed ogre.
You hit the two-headed ogre but do no damage.
The two-headed ogre hits you with a +0 giant club!!
* * * LOW HITPOINT WARNING * * *
The two-headed ogre hits you with a +0 giant spiked club!!
You die...

Skill      XL: |  1  2  3  4  5  6  7  8  9 |
---------------+----------------------------+-----
Stealth        | 5 6 8 9 10 | 10.7
Hexes          | 5 6 7 8 10 | 10.1
Short Blades   | 2 3 4 5 7 |  7.0
Fighting       | 1 2 3 |  3.8
Dodging        | 3 4 5 6 7 |  7.2
Spellcasting   | 3 4 |  4.4

Action                   |  1- 3 |  4- 6 |  7- 9 || total
-------------------------+-------+-------+-------++-------
Melee: Dagger            |    90 |   230 |   397 ||   717
       Bite              |     7 |    23 |    45 ||    75
 Cast: Corona            |    27 |    19 |    10 ||    56
       Ensorcelled Hiber |    21 |    59 |    52 ||   132
       Confusing Touch   |       |    18 |    53 ||    71
 Abil: Exsanguinate      |     1 |       |       ||     1
  Use: Scroll            |     2 |     3 |     5 ||    10
       Potion            |       |     1 |     1 ||     2
 Stab: Sleeping          |    17 |    44 |    56 ||   117
       Confused          |       |    16 |    50 ||    66
Armor: Robe              |    15 |    37 |    45 ||    97
Dodge: Dodged            |    92 |   124 |   248 ||   464

Levels and vault maps discovered:
D:1:      minmay_arrival_plants_in_alcoves, layout_rooms, serial_bayou_crossing
D:2:      layout_rooms, serial_curves, eino_curves_01, eino_curves_03,
          eino_curves_02, eino_curves_04, chequers_ecumenical_altar_grove,
          xom_teletrap_fun
D:3:      layout_rooms, ebering_ghost_disaster_area, uniq_robin
D:4:      minmay_chambers_of_threes, layout_rooms, temple_statues,
          biasface_ghost_orc_armoury, chequers_serial_rivers_micro_e
D:5:      layout_basic
D:6:      layout_loops_cross, minitemple, serial_undead, serial_undead_d,
          serial_undead_a, serial_undead_b, serial_undead_e, serial_undead_d,
          serial_undead_e, serial_undead_e, serial_undead_b, uniq_eustachio,
          uniq_grinder
D:7:      layout_basic, minivault_5
D:8:      layout_loops_corners, general_overflow_altar, zin_purify
Temple:   compressed_dpeg_circular_temple

Notes
Turn   | Place    | Note
-------+----------+-------------------------------------------
     0 | D:1      | infcreate the Vampire Enchanter began the quest for the
                  | Orb.
     0 | D:1      | Reached XP level 1. HP: 13/13 MP: 3/3
   480 | D:1      | Reached XP level 2. HP: 15/15 MP: 5/5
   483 | D:1      | Learned a level 2 spell: Ensorcelled Hibernation
   931 | D:2      | Reached XP level 3. HP: 20/20 MP: 6/6
  1097 | D:2      | Reached skill level 5 in Stealth
  1162 | D:2      | Reached skill level 5 in Hexes
  1299 | D:2      | Found a faded altar of an unknown god.
  1302 | D:2      | Reached skill level 2 in Short Blades
  1852 | D:2      | Reached XP level 4. HP: 5/24 MP: 1/7
  1864 | D:2      | HP: 2/24 [bat (1)]
  2093 | D:2      | Found a shimmering altar of Xom.
  2553 | D:2      | Learned a level 3 spell: Confusing Touch
  2591 | D:3      | Found a large runed translucent door.
  2591 | D:3      | Found a large runed translucent door.
  2592 | D:3      | Noticed Darold's ghost (amateur TrFi)
  3044 | D:3      | Reached skill level 1 in Fighting
  3044 | D:3      | Reached skill level 3 in Dodging
  3745 | D:3      | Reached XP level 5. HP: 26/29 MP: 1/8
  3913 | D:3      | Noticed Robin
  3933 | D:2      | Killed Robin
  4745 | D:4      | Found a runed translucent gate.
  4746 | D:4      | Found a runed translucent gate.
  4747 | D:4      | Found a roughly hewn altar of Beogh.
  4747 | D:4      | Found a runed translucent gate.
  4747 | D:4      | Identified the cursed +0 morningstar of Devotion {pain,
                  | rPois rF+ Will+}
  4747 | D:4      | Noticed an orc warrior
  4749 | D:4      | Noticed raph's ghost (amateur TeCj)
  4894 | D:4      | Reached skill level 6 in Stealth
  5004 | D:4      | Noticed a phantom
  5191 | D:4      | Reached XP level 6. HP: 34/34 MP: 9/9
  5215 | D:4      | Reached skill level 3 in Short Blades
  5215 | D:4      | Reached skill level 6 in Hexes
  5324 | D:4      | Reached skill level 4 in Dodging
  5353 | D:4      | Found a staircase to the Ecumenical Temple.
  5363 | Temple   | Entered the Ecumenical Temple
  5420 | Temple   | Became a worshipper of Dithmenos the Shadowed
  5959 | D:5      | Entered Level 5 of the Dungeon
  6026 | D:5      | Reached XP level 7. HP: 39/39 MP: 11/11
  6344 | D:5      | Reached skill level 7 in Stealth
  6764 | D:5      | Reached skill level 2 in Fighting
  6764 | D:5      | Reached skill level 3 in Spellcasting
  6866 | D:5      | Learned a level 3 spell: Tukima's Dance
  6870 | D:5      | Learned a level 3 spell: Dazzling Flash
  7288 | D:6      | Reached skill level 4 in Short Blades
  7291 | D:6      | HP: 4/40 [leopard gecko skeleton (3)]
  7309 | D:6      | Reached skill level 7 in Hexes
  7385 | D:6      | Reached * piety under Dithmenos
  7571 | D:6      | Noticed Eustachio
  7584 | D:6      | Killed Eustachio
  7585 | D:6      | Reached skill level 5 in Dodging
  7585 | D:6      | Reached skill level 8 in Stealth
  7585 | D:6      | Reached XP level 8. HP: 45/45 MP: 9/12
  7823 | D:6      | Reached skill level 8 in Hexes
  7874 | D:6      | Found a blossoming altar of Fedhas.
  7878 | D:6      | Found a hide-covered altar of Uskayaw.
  7912 | D:6      | Reached skill level 5 in Short Blades
  8149 | D:6      | Noticed Grinder
  8150 | D:6      | Killed Grinder
  8151 | D:6      | Reached skill level 9 in Stealth
  8200 | D:6      | Reached skill level 3 in Fighting
  8356 | D:6      | Reached skill level 6 in Dodging
  8492 | D:6      | Reached ** piety under Dithmenos
  8493 | D:6      | Reached XP level 9. HP: 50/50 MP: 11/14
  8831 | D:3      | HP: 4/50 [Darold's ghost (7)]
  8832 | D:3      | Killed Darold's ghost
  8833 | D:3      | Reached skill level 4 in Spellcasting
  8833 | D:3      | Reached skill level 9 in Hexes
  9367 | D:4      | Killed raph's ghost
  9368 | D:4      | Reached skill level 6 in Short Blades
  9923 | D:7      | Reached skill level 10 in Stealth
 10682 | D:7      | Reached skill level 7 in Dodging
 11055 | D:8      | Noticed a two-headed ogre
 11058 | D:8      | Reached skill level 10 in Hexes
 11376 | D:8      | Found Zin's Purification Station.
 11379 | D:8      | Found a glowing silver altar of Zin.
 11413 | D:8      | Reached skill level 7 in Short Blades
 11888 | D:8      | Found a shimmering altar of Xom.
 11980 | D:8      | Demolished by a two-headed ogre

Vanquished Creatures
  The ghost of Darold the Ruffian, an amateur TrFi (D:3)
  Grinder (D:6)
  A wraith (D:8)
  Eustachio (D:6)
  The ghost of raph the Conjurer, an amateur TeCj (D:4)
  A water moccasin (D:6)
  3 orc warriors
  2 ogres
  A phantom (D:4)
  4 centaurs
  A big kobold (D:7)
  2 bullfrogs
  A gnoll sergeant (D:7)
  2 water moccasin zombies (D:6)
  2 scorpions
  2 jellies
  3 wights (D:8)
  2 centaur zombies
  4 bullfrog zombies (D:6)
  A hound (D:5)
  3 orc wizards
  3 orc priests
  A centaur skeleton (D:6)
  7 bullfrog skeletons
  An iguana (D:3)
  3 worker ants
  A killer bee zombie (D:6)
  3 hound zombies (D:6)
  2 hound skeletons
  A worker ant zombie (D:6)
  Robin (D:2)
  11 gnolls
  8 adders
  2 shadow imps
  2 white imps
  3 ufetubi
  An ooze (D:4)
  3 adder skeletons
  5 worms
  2 dart slugs
  4 leopard geckos
  36 orcs
  3 ball pythons
  7 giant cockroaches
  18 goblins
  12 hobgoblins
  6 jackals
  3 quokkas
  11 bats
  3 frilled lizards
  A jackal zombie (D:6)
  13 kobolds
  2 leopard gecko skeletons (D:6)
  2 leopard gecko zombies
  A quokka zombie (D:5)
  7 rats
228 creatures vanquished.

Vanquished Creatures (others)
  2 plants (D:1)
  16 withered plants (D:6)
18 creatures vanquished.

Grand Total: 246 creatures vanquished

Table legend: (Time is in decaauts)
 A = Elapsed time spent in this place.
 B = Non-inter-level travel time spent in this place.
 C = Inter-level travel time spent in this place.
 D = Time resting spent in this place.
 E = Time spent auto-exploring this place.
 F = Levels seen in this place.
 G = Mean time per level.
                   A        B        C        D        E       F      G
               +--------+--------+--------+--------+--------+-----+--------+
         Total |  11876 |  11142 |    734 |   2812 |   3722 |   9 | 1319.6 |
       Dungeon |  11804 |  11083 |    721 |   2812 |   3672 |   8 | 1475.5 |
        Temple |     71 |     58 |     13 |      0 |     50 |   1 |   71.0 |
               +--------+--------+--------+--------+--------+-----+--------+

Top non-repeatable levels by time:
     D:3: 2314 daAuts
     D:2: 1620 daAuts
     D:6: 1562 daAuts
     D:4: 1525 daAuts
     D:1: 1421 daAuts
     D:7: 1411 daAuts
     D:5: 1133 daAuts
     D:8: 814 daAuts
  Temple: 71 daAuts

Table legend:
 A = Non-vault XP
 B = Vault XP
 C = Vault XP percentage of total XP
 D = Non-vault monster count
 E = Vault monster count
 F = Vault count percentage of total count
                 A         B        C        D         E       F
            +---------+---------+-------+---------+---------+-------
      Total |    3328 |    1891 |  36.2 |     175 |      53 |  23.2
            +---------+---------+-------+---------+---------+-------
        D:1 |      32 |       0 |   0.0 |      18 |       0 |   0.0
        D:2 |      88 |      17 |  16.2 |      29 |       2 |   6.5
        D:3 |     100 |     365 |  78.5 |      30 |      17 |  36.2
        D:4 |     318 |     446 |  58.4 |      15 |      12 |  44.4
        D:5 |     319 |       0 |   0.0 |      21 |       0 |   0.0
        D:6 |     871 |    1063 |  55.0 |      21 |      22 |  51.2
        D:7 |     995 |       0 |   0.0 |      29 |       0 |   0.0
        D:8 |     605 |       0 |   0.0 |      12 |       0 |   0.0
            +---------+---------+-------+---------+---------+-------
